 Dungeon Crawl Stone Soup version 0.30-b1-2-g02819fbbbe (webtiles) character file.

Game seed: 17124717582516859681

2 raph the Digger (level 1, -4/10 HPs)
             Began as a Deep Elf Earth Elementalist on July 29, 2023.
             Slain by a hobgoblin
             ... wielding a +0 short sword
              (7 damage)
             ... on level 1 of the Dungeon on Aug 22, 2023.
             The game lasted 00:01:31 (82 turns).

raph the Digger (Deep Elf Earth Elementalist)         Turns: 82, Time: 00:01:31

Health: -4/10      AC:  2    Str:  5    XL:     1   Next: 25%
Magic:  1/6        EV: 12    Int: 19    God:
Gold:   0          SH:  0    Dex: 15    Spells: 5/6 levels left

rFire   . . .        (no weapon)
rCold   . . .        (no shield)
rNeg    . . .        a - +0 robe
rPois   .            (no helmet)
rElec   .            (no cloak)
rCorr   .            (no gloves)
SInv    .            (no boots)
Will    .....        (no amulet)
Stlth   ++           (no ring)
HPRegen 0.21/turn    (no ring)
MPRegen 0.10/turn

%: no passive effects
@: no status effects
A: no striking features
a: no special abilities


You were on level 1 of the Dungeon.
You visited 1 branch of the dungeon, and saw 1 of its levels.

Inventory:

Armour
 a - a +0 robe (worn)
Potions
 b - a potion of magic


   Skills:
 + Level 2.4 Dodging
 + Level 2.4 Stealth
 + Level 3.0 Spellcasting
 + Level 1.1 Transmutations
 + Level 3.3 Earth Magic


You had 5 spell levels left.
You knew the following spells:

 Your Spells              Type           Power      Damage    Failure   Level
a - Sandblast             Erth           30%        2d9       3%          1

Your spell library contained the following spells:

 Spells                   Type           Power      Damage    Failure   Level
 Passwall                 Tmut/Erth      9%         N/A       9%          2
 Stone Arrow              Conj/Erth      18%        3d8       22%         3
 Petrify                  Tmut/Erth      11%        N/A       52%         4


Dungeon Overview and Level Annotations

Branches:
Dungeon (1/15)

Altars:


Message History

A rat comes into view.
You start resting.
Magic restored.
Aiming: Sandblast (safe; 3% risk of failure)
Press: ? - help, Q - select action Shift-Dir - straight line, f - you
Okay, then.
A hobgoblin comes into view. It is wielding a +0 short sword.
Things that are here:
a +1 short sword of venom; 3 stones; a kobold corpse You start waiting.
A hobgoblin is nearby!
Aiming: Sandblast (safe; 3% risk of failure)
Press: ? - help, Q - select action Shift-Dir - straight line, f - hobgoblin
Aim: a hobgoblin, wielding a +0 short sword, wearing a +0 scale mail and quivering stones (wandering, hasn't noticed you, 84% to hit)
The blast of sand hits the hobgoblin but does no damage.
The hobgoblin shouts!
You hear a shout!
Aiming: Sandblast (safe; 3% risk of failure)
Press: ? - help, Q - select action Shift-Dir - straight line, f/p - hobgoblin
Aim: a hobgoblin, wielding a +0 short sword, wearing a +0 scale mail and quivering stones (84% to hit)
The blast of sand hits the hobgoblin but does no damage.
The hobgoblin hits you with a +0 short sword.
Aiming: Sandblast (safe; 3% risk of failure)
Press: ? - help, Q - select action Shift-Dir - straight line, f/p - hobgoblin
Aim: a hobgoblin, wielding a +0 short sword, wearing a +0 scale mail and quivering stones (84% to hit)
The blast of sand hits the hobgoblin but does no damage.
The hobgoblin hits you with a +0 short sword.
* * * LOW HITPOINT WARNING * * *
Aiming: Sandblast (safe; 3% risk of failure)
Press: ? - help, Q - select action Shift-Dir - straight line, f/p - hobgoblin
Aim: a hobgoblin, wielding a +0 short sword, wearing a +0 scale mail and quivering stones (84% to hit)
The blast of sand hits the hobgoblin but does no damage.
The hobgoblin barely misses you. The hobgoblin misses you.
Aiming: Sandblast (safe; 3% risk of failure)
Press: ? - help, Q - select action Shift-Dir - straight line, f/p - hobgoblin
Aim: a hobgoblin, wielding a +0 short sword, wearing a +0 scale mail and quivering stones (84% to hit)
The blast of sand misses the hobgoblin.
The hobgoblin hits you with a +0 short sword!
Ouch! That really hurt!
You die...

##########
#<...@g..#
#.######.#
#.#..>.#)##
#.#...:#..#
#.#...r#..#
#.#.![.#..#
#.######...†.....
#.....r........>.
###.....#.......


You could see a hobgoblin.

Vanquished Creatures
  A kobold (D:1)
  A frilled lizard (D:1)
2 creatures vanquished.

Notes
Turn   | Place    | Note
-------+----------+-------------------------------------------
     0 | D:1      | raph the Deep Elf Earth Elementalist began the quest for
                  | the Orb.
     0 | D:1      | Reached XP level 1. HP: 10/10 MP: 6/6
    10 | D:1      | Noticed a bullfrog
    82 | D:1      | Slain by a hobgoblin

Illustrated notes

Levels and vault maps discovered:
D:1:      evilmike_arrival_come_back, layout_basic, minmay_small_reverse_x

Action                     || total
---------------------------++-------
   Cast: Sandblast         ||     7
 Armour: Robe              ||     1
  Dodge: Dodged            ||     4
